Anaheim Ducks vs St.Louis Blues
(R1)
Created - Monday, August 26, 2024 at 08:01
Goals
|
| Anaheim Ducks |
2 |
1 |
1 |
0 |
0 |
4 |
| St.Louis Blues |
0 |
0 |
4 |
0 |
1 |
5 |
|
Shots
|
| Anaheim Ducks |
7 |
18 |
12 |
2 |
3 |
39 |
| St.Louis Blues |
11 |
4 |
14 |
2 |
2 |
31 |
|
1st period
1. Anaheim Ducks , Nazem Kadri 4 (Mark Scheifele 6, Brayden Schenn 1) at 0:55
2. Anaheim Ducks , Alex Killorn 1 (Nazem Kadri 6, Mason Marchment 5) at 2:25 (PP)
Penalties :
Dakota Joshua (STL) for Hooking (Minor) at 1:48, J.T. Compher (ANA) for Interference (Minor) at 5:53, Alex Killorn (ANA) for Roughing (Minor) at 16:01
2nd period
3. Anaheim Ducks , Mark Scheifele 3 (Morgan Rielly 3, William Nylander 7) at 14:31 (PP)
Penalties :
Lars Eller (STL) for Tripping (Minor) at 1:11, J.T. Compher (ANA) for Hooking (Minor) at 5:10, Yanni Gourde (STL) for Unsportsmanlike conduct (Minor) at 14:10
3rd period
4. Anaheim Ducks , Mark Scheifele 4 (Brayden Schenn 2, Josh Manson 2) at 0:34
5. St.Louis Blues , Tage Thompson 4 (Elias Lindholm 5, Mark Stone 7) at 2:05 (PP)
6. St.Louis Blues , Elias Lindholm 2 (Jake Guentzel 7, Jake Sanderson 3) at 5:47
7. St.Louis Blues , Elias Lindholm 3 (Elias Pettersson 4, Yanni Gourde 3) at 17:53
8. St.Louis Blues , Jake Sanderson 4 (Robert Thomas 5, Jake Guentzel 8) at 19:59 (PP)
Penalties :
Joshua Morrissey (ANA) for Tripping (Minor) at 1:24, Mark Stone (STL) for Fighting (Major) at 3:38, Josh Manson (ANA) for Fighting (Major) at 3:38, Joshua Morrissey (ANA) for Hooking (Minor) at 8:32, Max Domi (ANA) for Holding Stick (Minor) at 11:55, Yanni Gourde (STL) for Interference (Minor) at 15:02, J.T. Compher (ANA) for Roughing (Minor) at 19:54
Overtime #1
No Goal
Penalties :
No Penalty
Shootout
Anaheim Ducks, Brenden Dillon - Shot Misses the Net
St.Louis Blues, Elias Pettersson - Stopped by Linus Ullmark
Anaheim Ducks, Mark Scheifele - Stopped by Connor Hellebuyck
St.Louis Blues, Tage Thompson - Goal!
Anaheim Ducks, Calle Jarnkrok - Stopped by Connor Hellebuyck
Penalties :
No Penalty
Goalie Stats
Linus Ullmark (ANA), 27 saves from 31 shots - (0.871), OTL, 4-2-2, 65:00 minutes
Connor Hellebuyck (STL), 35 saves from 39 shots - (0.897), W, 5-2-0, 64:52 minutes
Players Stats for Anaheim Ducks
Player Name G A P +/- PIM S H SB GA TA FO MP PP MP PK MP
------------------------------------------------------------------------------------
Alex Killorn 1 0 1 0 2 3 2 0 0 0 0/0 18:13 2:14 2:55
Alexandre Texier 0 0 0 -2 0 1 0 2 0 0 2/7 13:41 0:02 3:24
Brayden Schenn 0 2 2 0 0 2 4 2 0 0 2/3 20:40 0:27 6:11
Brenden Dillon 0 0 0 -1 0 0 0 1 0 0 0/0 21:50 0:54 6:16
Calle Jarnkrok 0 0 0 -1 0 0 1 0 0 0 0/0 6:35 0:00 0:00
Chandler Stephenson 0 0 0 1 0 1 1 0 1 0 0/1 15:58 0:00 3:54
Esa Lindell 0 0 0 1 0 4 1 8 0 0 0/0 26:44 1:19 4:25
Ivan Provorov 0 0 0 -1 0 1 4 1 0 1 0/0 24:12 1:19 4:48
J.T. Compher 0 0 0 0 6 2 1 0 1 1 2/6 17:00 0:02 3:41
John Tavares 0 0 0 0 0 4 1 1 2 0 12/24 17:16 2:15 0:03
Josh Manson 0 1 1 0 5 1 1 0 0 0 0/0 12:09 0:00 0:13
Joshua Morrissey 0 0 0 2 4 1 0 0 3 0 0/0 20:46 3:27 0:00
Mark Scheifele 2 1 3 1 0 5 1 1 0 0 6/12 15:43 2:40 0:00
Mason Marchment 0 1 1 1 0 2 0 1 0 0 0/1 13:42 2:14 0:00
Max Domi 0 0 0 -1 2 0 2 0 3 0 0/1 8:57 0:00 0:57
Morgan Rielly 0 1 1 -1 0 3 3 1 0 0 0/0 24:38 2:53 5:53
Nazem Kadri 1 1 2 1 0 5 1 0 1 0 2/7 14:32 2:14 0:17
William Nylander 0 1 1 0 0 4 0 0 1 0 0/2 16:48 2:40 0:00
Players Stats for St.Louis Blues
Player Name G A P +/- PIM S H SB GA TA FO MP PP MP PK MP
------------------------------------------------------------------------------------
Alex Pietrangelo 0 0 0 0 0 0 1 3 0 3 0/0 26:21 4:17 0:12
Alex Tuch 0 0 0 -1 0 0 0 0 0 0 0/1 16:00 4:20 0:00
Colton Parayko 0 0 0 0 0 1 0 1 0 1 0/0 29:22 5:58 1:49
Dakota Joshua 0 0 0 -1 2 0 1 0 0 0 0/0 9:26 0:08 0:00
Elias Lindholm 2 1 3 1 0 4 4 0 0 0 10/13 20:00 3:41 2:29
Elias Pettersson 0 1 1 1 0 8 2 0 0 0 1/3 24:08 6:54 1:29
Jaccob Slavin 0 0 0 0 0 0 2 0 0 4 0/0 19:15 0:00 2:55
Jake Guentzel 0 2 2 0 0 2 3 0 1 0 0/1 21:57 6:17 0:24
Jake Sanderson 1 1 2 0 0 3 0 1 0 2 0/0 26:22 6:24 1:49
Lars Eller 0 0 0 -1 2 0 1 1 0 0 2/5 12:03 0:00 0:54
Logan O'Connor 0 0 0 0 0 0 1 0 0 1 0/0 11:40 0:05 1:40
Mark Stone 0 1 1 0 5 3 0 3 0 0 0/1 14:50 4:22 0:00
Mikhail Sergachev 0 0 0 0 0 1 1 0 0 0 0/0 10:50 0:26 0:12
Nick Leddy 0 0 0 0 0 0 4 0 0 1 0/0 12:36 0:00 2:55
Nico Sturm 0 0 0 0 0 1 1 0 0 0 4/5 8:33 0:00 0:00
Robert Thomas 0 1 1 0 0 4 0 0 0 0 21/35 24:08 6:54 1:53
Tage Thompson 1 0 1 0 0 2 5 0 0 0 0/0 17:02 3:39 0:00
Yanni Gourde 0 1 1 1 4 2 0 0 1 0 0/0 10:26 0:00 1:03
3 Stars
1 - Elias Lindholm (STL)
2 - Mark Scheifele (ANA)
3 - Nazem Kadri (ANA)
Power Play
Anaheim Ducks - 2 on 4 Attempt(s) - 50.00%
St.Louis Blues - 2 on 7 Attempt(s) - 28.57%
Penalty Kill
Anaheim Ducks - 5 on 7 Attempt(s) - 71.43%
- Score 0 goal in Penalty Kill
St.Louis Blues - 2 on 4 Attempt(s) - 50.00%
- Score 0 goal in Penalty Kill
Team Stat
Anaheim Ducks - Hits : 23 - Faceoff Wins : 26 - Blocked Shots : 18 - Penalty Minutes : 19
St.Louis Blues - Hits : 26 - Faceoff Wins : 38 - Blocked Shots : 9 - Penalty Minutes : 13
Official
Referees : Gord Dwyer and Marc Joannette
Linesman : James Tobias and Travis Gawryletz
Game Notes
Josh Manson beats up Mark Stone at 3:38 of 3rd period
Finance
Level 1 -- Attendance: 5229 (87.15%) -- Ticket Income $507,213
Level 2 -- Attendance: 4731 (94.62%) -- Ticket Income $269,667
Level 3 -- Attendance: 2216 (73.87%) -- Ticket Income $75,344
Level 4 -- Attendance: 4363 (87.26%) -- Ticket Income $100,349
Luxury Box -- Attendance: 1000 (100.00%) -- Ticket Income $194,000
Game was played at the Scottrade Center.
Total Attendance: 17539 (87.70%)
Total Ticket Income: $1,146,573
Other Income: $401,301
Total Income: $1,547,874
Anaheim Ducks
5 vs 5 Forward
Center Left Wing Right Wing Time % Phy DF OF
1 John Tavares Alex Killorn William Nylander 33 1 2 2
2 Mark Scheifele Brayden Schenn Mason Marchment 33 1 2 2
3 Nazem Kadri Chandler Stephenson J.T. Compher 31 1 2 2
4 Max Domi Calle Jarnkrok Alexandre Texier 3 1 2 2
5 vs 5 Defense
Defense Defense Time % Phy DF OF
1 Esa Lindell Joshua Morrissey 35 1 2 2
2 Morgan Rielly Ivan Provorov 35 1 2 2
3 Brenden Dillon Josh Manson 30 1 2 2
4 Esa Lindell Joshua Morrissey 0 1 2 2
PowerPlay Forward
Center Left Wing Right Wing Time % Phy DF OF
1 John Tavares Mark Scheifele William Nylander 60 1 1 3
2 Nazem Kadri Alex Killorn Mason Marchment 40 1 1 3
PowerPlay Defense
Defense Defense Time % Phy DF OF
1 Morgan Rielly Joshua Morrissey 60 1 2 2
2 Esa Lindell Ivan Provorov 40 1 2 2
Penalty Kill 4 Players Forward
Center Wing Time % Phy DF OF
1 J.T. Compher Brayden Schenn 55 1 3 1
2 Chandler Stephenson Alex Killorn 45 1 3 1
Penalty Kill 4 Players Defense
Defense Defense Time % Phy DF OF
1 Esa Lindell Ivan Provorov 50 1 3 1
2 Morgan Rielly Brenden Dillon 50 1 3 1
Penalty Kill - 3 Players Forward
Forward Time % Phy DF OF
1 J.T. Compher 50 1 4 0
2 Chandler Stephenson 50 1 4 0
Penalty Kill - 3 Players Defense
Defense Defense Time % Phy DF OF
1 Esa Lindell Ivan Provorov 50 1 4 0
2 Morgan Rielly Brenden Dillon 50 1 4 0
4 vs 4 Forward
Center Wing Time % Phy DF OF
1 John Tavares William Nylander 60 1 2 2
2 Nazem Kadri Mark Scheifele 40 1 2 2
4 vs 4 Defense
Defense Defense Time % Phy DF OF
1 Esa Lindell Morgan Rielly 50 1 2 2
2 Ivan Provorov Joshua Morrissey 50 1 2 2
Last Minutes Offensive
Center Left Wing Right Wing Defense Defense
John Tavares William Nylander Mark Scheifele Joshua Morrissey Morgan Rielly
Last Minutes Defensive
Center Left Wing Right Wing Defense Defense
Chandler Stephenson Alex Killorn J.T. Compher Ivan Provorov Esa Lindell
Goaltenders
Starting : Linus Ullmark
Backup : James Reimer
Extra Forwards
Normal : William Nylander, Mark Scheifele, Nazem Kadri - PP : William Nylander, Nazem Kadri - PK : J.T. Compher
Extra Defensemen
Normal : Esa Lindell, Brenden Dillon, Ivan Provorov - PP : Joshua Morrissey - PK : Esa Lindell, Ivan Provorov
Penalty Shots
Brenden Dillon, Mark Scheifele, Calle Jarnkrok, John Tavares, Alex Killorn
Scratches
Jakob Chychrun (Healthy)
St.Louis Blues
5 vs 5 Forward
Center Left Wing Right Wing Time % Phy DF OF
1 Robert Thomas Elias Pettersson Mark Stone 40 0 2 3
2 Elias Lindholm Jake Guentzel Tage Thompson 30 0 2 3
3 Lars Eller Dakota Joshua Alex Tuch 20 1 2 2
4 Nico Sturm Yanni Gourde Logan O'Connor 10 1 3 1
5 vs 5 Defense
Defense Defense Time % Phy DF OF
1 Colton Parayko Alex Pietrangelo 45 1 2 2
2 Jake Sanderson Jaccob Slavin 35 1 2 2
3 Nick Leddy Mikhail Sergachev 20 1 2 2
4 Alex Pietrangelo Colton Parayko 0 1 2 2
PowerPlay Forward
Center Left Wing Right Wing Time % Phy DF OF
1 Robert Thomas Elias Pettersson Jake Guentzel 60 1 0 4
2 Elias Lindholm Tage Thompson Mark Stone 40 1 0 4
PowerPlay Defense
Defense Defense Time % Phy DF OF
1 Colton Parayko Jake Sanderson 60 0 1 4
2 Alex Tuch Alex Pietrangelo 40 0 1 4
Penalty Kill 4 Players Forward
Center Wing Time % Phy DF OF
1 Lars Eller Logan O'Connor 50 1 4 0
2 Elias Lindholm Yanni Gourde 50 1 4 0
Penalty Kill 4 Players Defense
Defense Defense Time % Phy DF OF
1 Jake Sanderson Colton Parayko 50 1 4 0
2 Jaccob Slavin Nick Leddy 50 1 4 0
Penalty Kill - 3 Players Forward
Forward Time % Phy DF OF
1 Elias Lindholm 50 0 5 0
2 Lars Eller 50 0 5 0
Penalty Kill - 3 Players Defense
Defense Defense Time % Phy DF OF
1 Jake Sanderson Colton Parayko 50 0 5 0
2 Nick Leddy Jaccob Slavin 50 0 5 0
4 vs 4 Forward
Center Wing Time % Phy DF OF
1 Elias Lindholm Elias Pettersson 50 0 2 3
2 Robert Thomas Jake Guentzel 50 0 2 3
4 vs 4 Defense
Defense Defense Time % Phy DF OF
1 Alex Pietrangelo Colton Parayko 50 1 2 2
2 Jaccob Slavin Jake Sanderson 50 1 2 2
Last Minutes Offensive
Center Left Wing Right Wing Defense Defense
Robert Thomas Elias Pettersson Jake Guentzel Nick Leddy Jake Sanderson
Last Minutes Defensive
Center Left Wing Right Wing Defense Defense
Lars Eller Logan O'Connor Elias Lindholm Alex Pietrangelo Colton Parayko
Goaltenders
Starting : Connor Hellebuyck
Backup : Scott Wedgewood
Extra Forwards
Normal : Robert Thomas, Jake Guentzel, Tage Thompson - PP : Mark Stone, Dakota Joshua - PK : Robert Thomas
Extra Defensemen
Normal : Jake Sanderson, Jaccob Slavin, Mikhail Sergachev - PP : Mikhail Sergachev - PK : Jaccob Slavin, Alex Pietrangelo
Penalty Shots
Elias Pettersson, Tage Thompson, Alex Tuch, Yanni Gourde, Jake Guentzel
Scratches
Jack Eichel (Strained Left Elbow Injury), Colin Blackwell (Healthy), Adam Pelech (Healthy)
% Time on Ice - Anaheim Ducks
Lines # - Real PCT - Wanted PCT - Time Play
Normal Forward
1 - 33% - 33% - 14:16
2 - 27% - 33% - 11:47
3 - 25% - 31% - 10:42
4 - 15% - 3% - 6:35
Normal Defense
1 - 40% - 35% - 17:08
2 - 33% - 35% - 14:13
3 - 28% - 30% - 11:59
4 - 0% - 0% - 0:00
PP Forward
1 - 55% - 60% - 2:42
2 - 45% - 40% - 2:14
PP Defense
1 - 74% - 60% - 3:39
2 - 26% - 40% - 1:17
PK Forward
1 - 62% - 55% - 6:35
2 - 38% - 45% - 4:06
PK Defense
1 - 45% - 50% - 4:48
2 - 55% - 50% - 5:53
PK3 Forward
1 - 0% - 50%
2 - 0% - 50%
PK3 Defense
1 - 0% - 50%
2 - 0% - 50%
44 Forward
1 - 95% - 60% - 4:46
2 - 5% - 40% - 0:14
44 Defense
1 - 52% - 50% - 2:36
2 - 48% - 50% - 2:24
Last Minute Offensive - 0:00
Last Minute Defensive - 1:03
Total
Forward - 65:00
Defense - 65:00
|
% Time on Ice - St.Louis Blues
Lines # - Real PCT - Wanted PCT - Time Play
Normal Forward
1 - 30% - 40% - 13:04
2 - 29% - 30% - 12:22
3 - 21% - 20% - 9:18
4 - 20% - 10% - 8:33
Normal Defense
1 - 46% - 45% - 19:57
2 - 35% - 35% - 15:03
3 - 19% - 20% - 8:17
4 - 0% - 0% - 0:00
PP Forward
1 - 65% - 60% - 6:54
2 - 35% - 40% - 3:47
PP Defense
1 - 60% - 60% - 6:24
2 - 40% - 40% - 4:17
PK Forward
1 - 43% - 50% - 2:06
2 - 57% - 50% - 2:50
PK Defense
1 - 37% - 50% - 1:49
2 - 63% - 50% - 3:07
PK3 Forward
1 - 0% - 50%
2 - 0% - 50%
PK3 Defense
1 - 0% - 50%
2 - 0% - 50%
44 Forward
1 - 43% - 50% - 2:10
2 - 57% - 50% - 2:50
44 Defense
1 - 43% - 50% - 2:08
2 - 57% - 50% - 2:52
Last Minute Offensive - 1:06
Last Minute Defensive - 0:00
Total
Forward - 65:00
Defense - 65:00
|
Play-by-Play
1st period
0:01 of 1st period - Robert Thomas wins face-off versus John Tavares in neutral zone.
0:23 of 1st period - Icing by Joshua Morrissey.
0:24 of 1st period - John Tavares wins face-off versus Elias Lindholm in Anaheim Ducks zone.
0:24 of 1st period - John Tavares is hit by Elias Lindholm.
0:55 of 1st period - Snap shot by Nazem Kadri.
0:55 of 1st period - Goal by Nazem Kadri - Anaheim Ducks : 1 - St.Louis Blues : 0.
0:56 of 1st period - Nico Sturm wins face-off versus Nazem Kadri in neutral zone.
1:00 of 1st period - Off-side.
1:01 of 1st period - Nico Sturm wins face-off versus Nazem Kadri in neutral zone.
1:39 of 1st period - Snap shot by Mark Stone.
1:39 of 1st period - Stopped by Linus Ullmark without a rebound.
1:40 of 1st period - John Tavares wins face-off versus Lars Eller in Anaheim Ducks zone.
1:45 of 1st period - Snap shot by John Tavares.
1:45 of 1st period - Stopped by Connor Hellebuyck without a rebound.
1:46 of 1st period - Lars Eller wins face-off versus John Tavares in St.Louis Blues zone.
1:48 of 1st period - Minor Penalty to Dakota Joshua for Hooking.
1:49 of 1st period - John Tavares wins face-off versus Lars Eller in St.Louis Blues zone.
1:49 of 1st period - Slapshot by William Nylander.
1:49 of 1st period - Shot Misses the Net.
2:03 of 1st period - Slapshot by William Nylander.
2:03 of 1st period - Shot Misses the Net.
2:25 of 1st period - Snap shot by Alex Killorn.
2:25 of 1st period - Goal by Alex Killorn - Anaheim Ducks : 2 - St.Louis Blues : 0.
2:26 of 1st period - John Tavares wins face-off versus Robert Thomas in neutral zone.
2:39 of 1st period - Snap shot by John Tavares.
2:39 of 1st period - Shot Blocked by Colton Parayko.
3:40 of 1st period - Alexandre Texier is hit by Nick Leddy.
3:44 of 1st period - Wrist shot by Yanni Gourde.
3:44 of 1st period - Stopped by Linus Ullmark with a rebound.
4:18 of 1st period - Wrist shot by Nazem Kadri.
4:18 of 1st period - Stopped by Connor Hellebuyck without a rebound.
4:19 of 1st period - Elias Lindholm wins face-off versus Nazem Kadri in St.Louis Blues zone.
5:01 of 1st period - Wrist shot by Jake Guentzel.
5:01 of 1st period - Shot Blocked by Esa Lindell.
5:51 of 1st period - Snap shot by Jake Guentzel.
5:51 of 1st period - Stopped by Linus Ullmark with a rebound.
5:53 of 1st period - Minor Penalty to J.T. Compher for Interference.
5:54 of 1st period - Robert Thomas wins face-off versus Alexandre Texier in Anaheim Ducks zone.
5:59 of 1st period - Snap shot by Elias Pettersson.
5:59 of 1st period - Shot Misses the Net.
6:01 of 1st period - Snap shot by Mikhail Sergachev.
6:01 of 1st period - Stopped by Linus Ullmark without a rebound.
6:02 of 1st period - Robert Thomas wins face-off versus Alexandre Texier in Anaheim Ducks zone.
6:17 of 1st period - Snap shot by Elias Pettersson.
6:17 of 1st period - Shot Misses the Net.
6:19 of 1st period - Wrist shot by Robert Thomas.
6:19 of 1st period - Stopped by Linus Ullmark without a rebound.
6:20 of 1st period - Alexandre Texier wins face-off versus Robert Thomas in Anaheim Ducks zone.
7:53 of 1st period - Penalty to J.T. Compher is over, J.T. Compher is back on ice.
8:03 of 1st period - Snap shot by Logan O'Connor.
8:03 of 1st period - Shot Misses the Net.
8:05 of 1st period - Wrist shot by Logan O'Connor.
8:05 of 1st period - Deflect By Yanni Gourde.
8:05 of 1st period - Stopped by Linus Ullmark with a rebound.
10:01 of 1st period - Elias Pettersson is hit by Max Domi and loses puck.
11:02 of 1st period - Alex Tuch is hit by Morgan Rielly and loses puck.
11:15 of 1st period - Nick Leddy is hit by John Tavares and loses puck.
11:51 of 1st period - Robert Thomas is hit by Brayden Schenn and loses puck.
12:04 of 1st period - Alex Tuch is hit by Chandler Stephenson and loses puck.
12:41 of 1st period - Tage Thompson is hit by Ivan Provorov and loses puck.
12:48 of 1st period - John Tavares is hit by Tage Thompson and loses puck.
13:09 of 1st period - Snap shot by Mark Scheifele.
13:09 of 1st period - Shot Misses the Net.
13:24 of 1st period - Backhand shot by Mark Stone.
13:24 of 1st period - Deflect By Robert Thomas.
13:24 of 1st period - Shot Blocked by Esa Lindell.
13:24 of 1st period - Puck is out of play.
13:25 of 1st period - Nazem Kadri wins face-off versus Robert Thomas in Anaheim Ducks zone.
13:39 of 1st period - Snap shot by Elias Pettersson.
13:39 of 1st period - Stopped by Linus Ullmark without a rebound.
13:40 of 1st period - Mark Scheifele wins face-off versus Elias Pettersson in Anaheim Ducks zone.
13:40 of 1st period - Mark Scheifele is hit by Elias Pettersson.
13:49 of 1st period - Slapshot by Brenden Dillon.
13:49 of 1st period - Shot Blocked by Alex Pietrangelo.
13:51 of 1st period - Snap shot by Mason Marchment.
13:51 of 1st period - Stopped by Connor Hellebuyck without a rebound.
13:52 of 1st period - Mark Scheifele wins face-off versus Mark Stone in St.Louis Blues zone.
14:32 of 1st period - Snap shot by John Tavares.
14:32 of 1st period - Shot Misses the Net.
14:50 of 1st period - Wrist shot by Chandler Stephenson.
14:50 of 1st period - Deflect By Nazem Kadri.
14:50 of 1st period - Stopped by Connor Hellebuyck with a rebound.
15:25 of 1st period - Snap shot by Mark Scheifele.
15:25 of 1st period - Stopped by Connor Hellebuyck without a rebound.
15:26 of 1st period - Elias Lindholm wins face-off versus Mark Scheifele in St.Louis Blues zone.
15:41 of 1st period - Slapshot by Jake Guentzel.
15:41 of 1st period - Stopped by Linus Ullmark with a rebound.
15:43 of 1st period - Slapshot by Tage Thompson.
15:43 of 1st period - Shot Blocked by Esa Lindell.
15:45 of 1st period - Slapshot by Tage Thompson.
15:45 of 1st period - Shot Misses the Net.
15:49 of 1st period - Snap shot by Elias Lindholm.
15:49 of 1st period - Stopped by Linus Ullmark without a rebound.
15:50 of 1st period - Robert Thomas wins face-off versus John Tavares in Anaheim Ducks zone.
15:51 of 1st period - Snap shot by Mark Stone.
15:51 of 1st period - Stopped by Linus Ullmark with a rebound.
16:01 of 1st period - Minor Penalty to Alex Killorn for Roughing.
16:02 of 1st period - Robert Thomas wins face-off versus J.T. Compher in Anaheim Ducks zone.
16:02 of 1st period - Snap shot by Elias Pettersson.
16:02 of 1st period - Shot Misses the Net.
16:16 of 1st period - Snap shot by Robert Thomas.
16:16 of 1st period - Stopped by Linus Ullmark with a rebound.
18:01 of 1st period - Penalty to Alex Killorn is over, Alex Killorn is back on ice.
18:09 of 1st period - Alex Killorn is hit by Logan O'Connor and loses puck.
18:28 of 1st period - Alex Tuch is hit by Mark Scheifele and loses puck.
19:14 of 1st period - Alex Pietrangelo is hit by Ivan Provorov and loses puck.
Goals for this period are 2 for Anaheim Ducks vs 0 for St.Louis Blues.
Shots for this period are 7 for Anaheim Ducks vs 11 for St.Louis Blues.
2nd period
0:01 of 2nd period - Robert Thomas wins face-off versus Mark Scheifele in neutral zone.
0:04 of 2nd period - Snap shot by Colton Parayko.
0:04 of 2nd period - Shot Blocked by Mark Scheifele.
0:06 of 2nd period - Slapshot by Elias Pettersson.
0:06 of 2nd period - Shot Blocked by Brayden Schenn.
0:26 of 2nd period - William Nylander is hit by Tage Thompson and loses puck.
0:51 of 2nd period - Snap shot by Nazem Kadri.
0:51 of 2nd period - Stopped by Connor Hellebuyck with a rebound.
1:03 of 2nd period - Lars Eller is hit by J.T. Compher and loses puck.
1:11 of 2nd period - Minor Penalty to Lars Eller for Tripping.
1:12 of 2nd period - Elias Lindholm wins face-off versus John Tavares in St.Louis Blues zone.
1:42 of 2nd period - Yanni Gourde is hit by Alex Killorn and loses puck.
2:01 of 2nd period - Mark Scheifele is hit by Nick Leddy and loses puck.
2:56 of 2nd period - Slapshot by Jake Sanderson.
2:56 of 2nd period - Shot Misses the Net.
3:11 of 2nd period - Penalty to Lars Eller is over, Lars Eller is back on ice.
3:22 of 2nd period - Jaccob Slavin is hit by Max Domi and loses puck.
3:58 of 2nd period - Calle Jarnkrok is hit by Nico Sturm and loses puck.
4:11 of 2nd period - Yanni Gourde is hit by Brayden Schenn and loses puck.
5:10 of 2nd period - Minor Penalty to J.T. Compher for Hooking.
5:11 of 2nd period - Robert Thomas wins face-off versus Alexandre Texier in Anaheim Ducks zone.
5:26 of 2nd period - Morgan Rielly is hit by Jake Guentzel and loses puck.
5:47 of 2nd period - Snap shot by Chandler Stephenson.
5:47 of 2nd period - Stopped by Connor Hellebuyck with a rebound.
5:51 of 2nd period - Slapshot by Alex Killorn.
5:51 of 2nd period - Stopped by Connor Hellebuyck without a rebound.
5:52 of 2nd period - Brayden Schenn wins face-off versus Robert Thomas in St.Louis Blues zone.
5:58 of 2nd period - Off-side.
5:59 of 2nd period - Elias Pettersson wins face-off versus Alexandre Texier in neutral zone.
6:10 of 2nd period - Snap shot by Robert Thomas.
6:10 of 2nd period - Shot Blocked by Esa Lindell.
6:22 of 2nd period - Wrist shot by Elias Pettersson.
6:22 of 2nd period - Shot Misses the Net.
7:02 of 2nd period - Alex Pietrangelo is hit by Morgan Rielly and loses puck.
7:10 of 2nd period - Penalty to J.T. Compher is over, J.T. Compher is back on ice.
7:28 of 2nd period - Off-side.
7:29 of 2nd period - Mark Scheifele wins face-off versus Nico Sturm in neutral zone.
7:42 of 2nd period - Snap shot by Mark Scheifele.
7:42 of 2nd period - Shot Misses the Net.
7:54 of 2nd period - Calle Jarnkrok is hit by Tage Thompson and loses puck.
8:27 of 2nd period - Mark Scheifele is hit by Nick Leddy and loses puck.
8:44 of 2nd period - Icing by Brenden Dillon.
8:45 of 2nd period - Nazem Kadri wins face-off versus Alex Tuch in Anaheim Ducks zone.
8:56 of 2nd period - Wrist shot by Yanni Gourde.
8:56 of 2nd period - Shot Blocked by Brenden Dillon.
8:58 of 2nd period - Wrist shot by Yanni Gourde.
8:58 of 2nd period - Deflect By Nico Sturm.
8:58 of 2nd period - Shot Misses the Net.
8:58 of 2nd period - Puck is out of play.
8:59 of 2nd period - Nico Sturm wins face-off versus John Tavares in Anaheim Ducks zone.
9:04 of 2nd period - Snap shot by Yanni Gourde.
9:04 of 2nd period - Shot Misses the Net.
9:06 of 2nd period - Snap shot by Yanni Gourde.
9:06 of 2nd period - Shot Misses the Net.
9:08 of 2nd period - Wrist shot by Nico Sturm.
9:08 of 2nd period - Stopped by Linus Ullmark without a rebound.
9:09 of 2nd period - John Tavares wins face-off versus Elias Pettersson in Anaheim Ducks zone.
9:24 of 2nd period - Wrist shot by Colton Parayko.
9:24 of 2nd period - Shot Blocked by John Tavares.
9:36 of 2nd period - Snap shot by John Tavares.
9:36 of 2nd period - Shot Blocked by Alex Pietrangelo.
9:48 of 2nd period - Wrist shot by John Tavares.
9:48 of 2nd period - Deflect By William Nylander.
9:48 of 2nd period - Stopped by Connor Hellebuyck without a rebound.
9:49 of 2nd period - Robert Thomas wins face-off versus Mark Scheifele in St.Louis Blues zone.
9:49 of 2nd period - Robert Thomas is hit by Brayden Schenn.
10:05 of 2nd period - Snap shot by Mark Scheifele.
10:05 of 2nd period - Deflect By Jake Sanderson.
10:05 of 2nd period - Stopped by Connor Hellebuyck with a rebound.
10:15 of 2nd period - Brenden Dillon is hit by Tage Thompson and loses puck.
10:36 of 2nd period - Slapshot by J.T. Compher.
10:36 of 2nd period - Shot Blocked by Lars Eller.
10:44 of 2nd period - Alexandre Texier is hit by Lars Eller and loses puck.
11:20 of 2nd period - Wrist shot by Brayden Schenn.
11:20 of 2nd period - Deflect By Mason Marchment.
11:20 of 2nd period - Deflect By Robert Thomas.
11:20 of 2nd period - Stopped by Connor Hellebuyck with a rebound.
12:09 of 2nd period - Snap shot by Jake Sanderson.
12:09 of 2nd period - Stopped by Linus Ullmark with a rebound.
12:25 of 2nd period - Wrist shot by John Tavares.
12:25 of 2nd period - Deflect By William Nylander.
12:25 of 2nd period - Stopped by Connor Hellebuyck with a rebound.
12:27 of 2nd period - Slapshot by Esa Lindell.
12:27 of 2nd period - Stopped by Connor Hellebuyck with a rebound.
12:29 of 2nd period - Wrist shot by John Tavares.
12:29 of 2nd period - Stopped by Connor Hellebuyck with a rebound.
12:31 of 2nd period - Snap shot by Esa Lindell.
12:31 of 2nd period - Stopped by Connor Hellebuyck with a rebound.
12:33 of 2nd period - Slapshot by Esa Lindell.
12:33 of 2nd period - Stopped by Connor Hellebuyck without a rebound.
12:34 of 2nd period - Robert Thomas wins face-off versus Mark Scheifele in St.Louis Blues zone.
14:10 of 2nd period - Minor Penalty to Yanni Gourde for Unsportsmanlike conduct.
14:11 of 2nd period - John Tavares wins face-off versus Elias Lindholm in St.Louis Blues zone.
14:15 of 2nd period - Slapshot by John Tavares.
14:15 of 2nd period - Stopped by Connor Hellebuyck with a rebound.
14:17 of 2nd period - Snap shot by Morgan Rielly.
14:17 of 2nd period - Stopped by Connor Hellebuyck without a rebound.
14:18 of 2nd period - Elias Lindholm wins face-off versus William Nylander in St.Louis Blues zone.
14:29 of 2nd period - Slapshot by Morgan Rielly.
14:29 of 2nd period - Stopped by Connor Hellebuyck with a rebound.
14:31 of 2nd period - Wrist shot by Mark Scheifele.
14:31 of 2nd period - Goal by Mark Scheifele - Anaheim Ducks : 3 - St.Louis Blues : 0.
14:32 of 2nd period - Mark Scheifele wins face-off versus Robert Thomas in neutral zone.
14:58 of 2nd period - Icing by Mark Scheifele.
14:59 of 2nd period - Elias Lindholm wins face-off versus John Tavares in Anaheim Ducks zone.
16:26 of 2nd period - Snap shot by Colton Parayko.
16:26 of 2nd period - Shot Blocked by Alexandre Texier.
16:59 of 2nd period - Wrist shot by Alexandre Texier.
16:59 of 2nd period - Stopped by Connor Hellebuyck without a rebound.
17:00 of 2nd period - Mark Scheifele wins face-off versus Robert Thomas in St.Louis Blues zone.
17:11 of 2nd period - Snap shot by Brayden Schenn.
17:11 of 2nd period - Deflect By Robert Thomas.
17:11 of 2nd period - Shot Misses the Net.
17:11 of 2nd period - Puck is out of play.
17:12 of 2nd period - Robert Thomas wins face-off versus Mark Scheifele in St.Louis Blues zone.
17:22 of 2nd period - Slapshot by Ivan Provorov.
17:22 of 2nd period - Shot Blocked by Mark Stone.
17:24 of 2nd period - Wrist shot by Morgan Rielly.
17:24 of 2nd period - Stopped by Connor Hellebuyck with a rebound.
17:26 of 2nd period - Wrist shot by Mark Scheifele.
17:26 of 2nd period - Shot Blocked by Alex Pietrangelo.
17:28 of 2nd period - Slapshot by Mason Marchment.
17:28 of 2nd period - Shot Blocked by Mark Stone.
17:40 of 2nd period - Alex Killorn is hit by Elias Lindholm and loses puck.
18:10 of 2nd period - Ivan Provorov is hit by Dakota Joshua and loses puck.
18:23 of 2nd period - Chandler Stephenson is hit by Jaccob Slavin and loses puck.
18:48 of 2nd period - Snap shot by Nazem Kadri.
18:48 of 2nd period - Shot Misses the Net.
18:50 of 2nd period - Wrist shot by J.T. Compher.
18:50 of 2nd period - Stopped by Connor Hellebuyck without a rebound.
18:51 of 2nd period - Robert Thomas wins face-off versus Mark Scheifele in St.Louis Blues zone.
18:58 of 2nd period - Snap shot by Robert Thomas.
18:58 of 2nd period - Stopped by Linus Ullmark without a rebound.
18:59 of 2nd period - Robert Thomas wins face-off versus Brayden Schenn in Anaheim Ducks zone.
19:00 of 2nd period - Snap shot by Elias Pettersson.
19:00 of 2nd period - Stopped by Linus Ullmark without a rebound.
19:01 of 2nd period - Mark Scheifele wins face-off versus Robert Thomas in Anaheim Ducks zone.
19:01 of 2nd period - Mark Scheifele is hit by Elias Pettersson.
19:45 of 2nd period - Wrist shot by Elias Pettersson.
19:45 of 2nd period - Shot Blocked by Esa Lindell.
19:51 of 2nd period - Slapshot by Mark Stone.
19:51 of 2nd period - Shot Misses the Net.
19:53 of 2nd period - Slapshot by Colton Parayko.
19:53 of 2nd period - Shot Misses the Net.
19:55 of 2nd period - Slapshot by Robert Thomas.
19:55 of 2nd period - Shot Blocked by Esa Lindell.
19:57 of 2nd period - Wrist shot by Mark Stone.
19:57 of 2nd period - Deflect By Robert Thomas.
19:57 of 2nd period - Shot Blocked by Mason Marchment.
19:57 of 2nd period - Puck is out of play.
19:58 of 2nd period - Elias Lindholm wins face-off versus John Tavares in Anaheim Ducks zone.
Goals for this period are 1 for Anaheim Ducks vs 0 for St.Louis Blues.
Shots for this period are 18 for Anaheim Ducks vs 4 for St.Louis Blues.
3rd period
0:01 of 3rd period - John Tavares wins face-off versus Robert Thomas in neutral zone.
0:04 of 3rd period - Wrist shot by William Nylander.
0:04 of 3rd period - Stopped by Connor Hellebuyck with a rebound.
0:06 of 3rd period - Slapshot by Josh Manson.
0:06 of 3rd period - Deflect By Elias Pettersson.
0:06 of 3rd period - Stopped by Connor Hellebuyck with a rebound.
0:08 of 3rd period - Snap shot by John Tavares.
0:08 of 3rd period - Shot Misses the Net.
0:10 of 3rd period - Slapshot by Josh Manson.
0:10 of 3rd period - Shot Blocked by Mark Stone.
0:12 of 3rd period - Slapshot by Josh Manson.
0:12 of 3rd period - Shot Misses the Net.
0:34 of 3rd period - Slapshot by Mark Scheifele.
0:34 of 3rd period - Goal by Mark Scheifele - Anaheim Ducks : 4 - St.Louis Blues : 0.
0:35 of 3rd period - John Tavares wins face-off versus Robert Thomas in neutral zone.
1:10 of 3rd period - Jake Sanderson is hit by Josh Manson and loses puck.
1:24 of 3rd period - Minor Penalty to Joshua Morrissey for Tripping.
1:25 of 3rd period - Robert Thomas wins face-off versus J.T. Compher in Anaheim Ducks zone.
1:31 of 3rd period - Wrist shot by Elias Pettersson.
1:31 of 3rd period - Stopped by Linus Ullmark with a rebound.
1:33 of 3rd period - Slapshot by Colton Parayko.
1:33 of 3rd period - Deflect By Jake Guentzel.
1:33 of 3rd period - Shot Misses the Net.
1:33 of 3rd period - Puck is out of play.
1:34 of 3rd period - Brayden Schenn wins face-off versus Robert Thomas in Anaheim Ducks zone.
1:51 of 3rd period - Slapshot by Jake Sanderson.
1:51 of 3rd period - Shot Hit the Post.
1:53 of 3rd period - Snap shot by Jake Sanderson.
1:53 of 3rd period - Shot Misses the Net.
1:55 of 3rd period - Wrist shot by Jake Sanderson.
1:55 of 3rd period - Shot Blocked by Esa Lindell.
1:57 of 3rd period - Snap shot by Elias Pettersson.
1:57 of 3rd period - Stopped by Linus Ullmark without a rebound.
1:58 of 3rd period - Elias Lindholm wins face-off versus J.T. Compher in Anaheim Ducks zone.
2:03 of 3rd period - Snap shot by Elias Lindholm.
2:03 of 3rd period - Stopped by Linus Ullmark with a rebound.
2:05 of 3rd period - Snap shot by Tage Thompson.
2:05 of 3rd period - Goal by Tage Thompson - Anaheim Ducks : 4 - St.Louis Blues : 1.
2:06 of 3rd period - Robert Thomas wins face-off versus John Tavares in neutral zone.
2:45 of 3rd period - Wrist shot by Nazem Kadri.
2:45 of 3rd period - Stopped by Connor Hellebuyck with a rebound.
3:01 of 3rd period - Slapshot by Jake Sanderson.
3:01 of 3rd period - Shot Blocked by Esa Lindell.
3:19 of 3rd period - Snap shot by Elias Pettersson.
3:19 of 3rd period - Stopped by Linus Ullmark without a rebound.
3:20 of 3rd period - Robert Thomas wins face-off versus Max Domi in Anaheim Ducks zone.
3:21 of 3rd period - Wrist shot by Elias Pettersson.
3:21 of 3rd period - Deflect By Mark Stone.
3:21 of 3rd period - Stopped by Linus Ullmark with a rebound.
3:27 of 3rd period - Snap shot by Robert Thomas.
3:27 of 3rd period - Shot Misses the Net.
3:29 of 3rd period - Snap shot by Mark Stone.
3:29 of 3rd period - Shot Blocked by Alexandre Texier.
3:31 of 3rd period - Snap shot by Elias Pettersson.
3:31 of 3rd period - Stopped by Linus Ullmark with a rebound.
3:33 of 3rd period - Snap shot by Elias Pettersson.
3:33 of 3rd period - Stopped by Linus Ullmark without a rebound.
3:34 of 3rd period - Robert Thomas wins face-off versus William Nylander in Anaheim Ducks zone.
3:38 of 3rd period - Josh Manson beats up Mark Stone.
3:38 of 3rd period - Penalty to Mark Stone for Fighting.
3:38 of 3rd period - Penalty to Josh Manson for Fighting.
3:39 of 3rd period - Robert Thomas wins face-off versus John Tavares in Anaheim Ducks zone.
3:42 of 3rd period - Snap shot by Jake Guentzel.
3:42 of 3rd period - Shot Misses the Net.
4:16 of 3rd period - Wrist shot by Brayden Schenn.
4:16 of 3rd period - Stopped by Connor Hellebuyck with a rebound.
4:52 of 3rd period - Slapshot by Max Domi.
4:52 of 3rd period - Shot Misses the Net.
5:05 of 3rd period - Jake Sanderson is hit by Calle Jarnkrok and loses puck.
5:20 of 3rd period - Slapshot by Tage Thompson.
5:20 of 3rd period - Shot Misses the Net.
5:47 of 3rd period - Backhand shot by Elias Lindholm.
5:47 of 3rd period - Goal by Elias Lindholm - Anaheim Ducks : 4 - St.Louis Blues : 2.
5:48 of 3rd period - John Tavares wins face-off versus Robert Thomas in neutral zone.
5:51 of 3rd period - Wrist shot by John Tavares.
5:51 of 3rd period - Shot Misses the Net.
5:53 of 3rd period - Snap shot by William Nylander.
5:53 of 3rd period - Stopped by Connor Hellebuyck without a rebound.
5:54 of 3rd period - Robert Thomas wins face-off versus John Tavares in St.Louis Blues zone.
6:21 of 3rd period - Snap shot by Robert Thomas.
6:21 of 3rd period - Shot Blocked by Brayden Schenn.
6:27 of 3rd period - Slapshot by Joshua Morrissey.
6:27 of 3rd period - Deflect By Brayden Schenn.
6:27 of 3rd period - Stopped by Connor Hellebuyck without a rebound.
6:28 of 3rd period - Nico Sturm wins face-off versus Nazem Kadri in St.Louis Blues zone.
6:35 of 3rd period - Wrist shot by Nico Sturm.
6:35 of 3rd period - Shot Blocked by Morgan Rielly.
6:55 of 3rd period - Ivan Provorov is hit by Alex Pietrangelo and loses puck.
7:22 of 3rd period - Slapshot by Brayden Schenn.
7:22 of 3rd period - Shot Misses the Net.
7:24 of 3rd period - Slapshot by Joshua Morrissey.
7:24 of 3rd period - Shot Blocked by Jake Sanderson.
7:26 of 3rd period - Backhand shot by Joshua Morrissey.
7:26 of 3rd period - Stopped by Connor Hellebuyck with a rebound.
7:28 of 3rd period - Slapshot by Esa Lindell.
7:28 of 3rd period - Stopped by Connor Hellebuyck without a rebound.
7:29 of 3rd period - Robert Thomas wins face-off versus Nazem Kadri in St.Louis Blues zone.
7:34 of 3rd period - Chandler Stephenson is hit by Mikhail Sergachev and loses puck.
7:40 of 3rd period - Esa Lindell is hit by Nick Leddy.
8:32 of 3rd period - Minor Penalty to Joshua Morrissey for Hooking.
8:33 of 3rd period - J.T. Compher wins face-off versus Jake Guentzel in Anaheim Ducks zone.
8:38 of 3rd period - Penalty to Josh Manson is over, Josh Manson is back on ice.
9:05 of 3rd period - Wrist shot by Tage Thompson.
9:05 of 3rd period - Stopped by Linus Ullmark with a rebound.
10:26 of 3rd period - Icing by Elias Pettersson.
10:27 of 3rd period - Alexandre Texier wins face-off versus Robert Thomas in St.Louis Blues zone.
10:32 of 3rd period - Penalty to Joshua Morrissey is over, Joshua Morrissey is back on ice.
10:34 of 3rd period - Backhand shot by Max Domi.
10:34 of 3rd period - Shot Misses the Net.
11:18 of 3rd period - Wrist shot by J.T. Compher.
11:18 of 3rd period - Stopped by Connor Hellebuyck with a rebound.
11:34 of 3rd period - Jaccob Slavin is hit by Morgan Rielly and loses puck.
11:55 of 3rd period - Minor Penalty to Max Domi for Holding Stick.
11:56 of 3rd period - Robert Thomas wins face-off versus J.T. Compher in Anaheim Ducks zone.
12:11 of 3rd period - Wrist shot by Elias Pettersson.
12:11 of 3rd period - Stopped by Linus Ullmark with a rebound.
12:13 of 3rd period - Snap shot by Robert Thomas.
12:13 of 3rd period - Stopped by Linus Ullmark without a rebound.
12:14 of 3rd period - J.T. Compher wins face-off versus Elias Lindholm in Anaheim Ducks zone.
13:18 of 3rd period - J.T. Compher is hit by Elias Lindholm and loses puck.
13:55 of 3rd period - Penalty to Max Domi is over, Max Domi is back on ice.
14:21 of 3rd period - Snap shot by Alexandre Texier.
14:21 of 3rd period - Shot Misses the Net.
15:02 of 3rd period - Minor Penalty to Yanni Gourde for Interference.
15:03 of 3rd period - Elias Lindholm wins face-off versus Mason Marchment in St.Louis Blues zone.
15:49 of 3rd period - Nick Leddy is hit by Nazem Kadri and loses puck.
16:30 of 3rd period - Joshua Morrissey is hit by Jake Guentzel and loses puck.
17:02 of 3rd period - Penalty to Yanni Gourde is over, Yanni Gourde is back on ice.
17:36 of 3rd period - Esa Lindell is hit by Elias Lindholm and loses puck.
17:53 of 3rd period - Snap shot by Elias Lindholm.
17:53 of 3rd period - Goal by Elias Lindholm - Anaheim Ducks : 4 - St.Louis Blues : 3.
17:54 of 3rd period - John Tavares wins face-off versus Lars Eller in neutral zone.
18:03 of 3rd period - Slapshot by John Tavares.
18:03 of 3rd period - Stopped by Connor Hellebuyck with a rebound.
18:19 of 3rd period - Brayden Schenn is hit by Jake Guentzel and loses puck.
18:45 of 3rd period - Jake Guentzel is hit by Alex Killorn.
18:59 of 3rd period - J.T. Compher is hit by Jaccob Slavin.
19:35 of 3rd period - Slapshot by Chandler Stephenson.
19:35 of 3rd period - Shot Misses the Net.
19:37 of 3rd period - Wrist shot by Alex Killorn.
19:37 of 3rd period - Stopped by Connor Hellebuyck without a rebound.
19:38 of 3rd period - Mike Sullivan call a timeout for St.Louis Blues.
19:38 of 3rd period - Lars Eller wins face-off versus Chandler Stephenson in St.Louis Blues zone.
19:51 of 3rd period - St.Louis Blues, Connor Hellebuyck is pulled from the net.
19:54 of 3rd period - Minor Penalty to J.T. Compher for Roughing.
19:55 of 3rd period - Robert Thomas wins face-off versus Alexandre Texier in Anaheim Ducks zone.
19:57 of 3rd period - Snap shot by Robert Thomas.
19:57 of 3rd period - Shot Misses the Net.
19:59 of 3rd period - Backhand shot by Jake Sanderson.
19:59 of 3rd period - Deflect By Brayden Schenn.
19:59 of 3rd period - Goal by Jake Sanderson - Anaheim Ducks : 4 - St.Louis Blues : 4.
19:59 of 3rd period - Connor Hellebuyck from St.Louis Blues was sent back in the game.
Goals for this period are 1 for Anaheim Ducks vs 4 for St.Louis Blues.
Shots for this period are 12 for Anaheim Ducks vs 14 for St.Louis Blues.
Overtime #1
0:01 of 1st overtime period - Elias Lindholm wins face-off versus John Tavares in neutral zone.
0:05 of 1st overtime period - Off-side.
0:06 of 1st overtime period - Elias Lindholm wins face-off versus John Tavares in neutral zone.
0:11 of 1st overtime period - Slapshot by Colton Parayko.
0:11 of 1st overtime period - Stopped by Linus Ullmark without a rebound.
0:12 of 1st overtime period - John Tavares wins face-off versus Robert Thomas in Anaheim Ducks zone.
0:17 of 1st overtime period - Jake Guentzel is hit by Ivan Provorov and loses puck.
0:48 of 1st overtime period - Snap shot by Elias Pettersson.
0:48 of 1st overtime period - Shot Blocked by Ivan Provorov.
0:50 of 1st overtime period - Slapshot by Jake Sanderson.
0:50 of 1st overtime period - Stopped by Linus Ullmark with a rebound.
1:08 of 1st overtime period - Snap shot by Mark Scheifele.
1:08 of 1st overtime period - Stopped by Connor Hellebuyck with a rebound.
1:10 of 1st overtime period - Snap shot by Ivan Provorov.
1:10 of 1st overtime period - Stopped by Connor Hellebuyck without a rebound.
1:11 of 1st overtime period - John Tavares wins face-off versus Robert Thomas in St.Louis Blues zone.
1:58 of 1st overtime period - Jake Sanderson is hit by Brayden Schenn and loses puck.
2:17 of 1st overtime period - Jake Guentzel is hit by Esa Lindell and loses puck.
3:41 of 1st overtime period - Jake Sanderson is hit by Ivan Provorov and loses puck.
4:04 of 1st overtime period - Ivan Provorov is hit by Tage Thompson and loses puck.
Goals for this period are 0 for Anaheim Ducks vs 0 for St.Louis Blues.
Shots for this period are 2 for Anaheim Ducks vs 2 for St.Louis Blues.
ShootOut
5:00 of 1st overtime period - Round #1.
5:00 of 1st overtime period - Anaheim Ducks, Brenden Dillon.
5:00 of 1st overtime period - Snap shot by Brenden Dillon.
5:00 of 1st overtime period - Shot Misses the Net.
5:00 of 1st overtime period - St.Louis Blues, Elias Pettersson.
5:00 of 1st overtime period - Snap shot by Elias Pettersson.
5:00 of 1st overtime period - Stopped by Linus Ullmark.
5:00 of 1st overtime period - Round #2.
5:00 of 1st overtime period - Anaheim Ducks, Mark Scheifele.
5:00 of 1st overtime period - Wrist shot by Mark Scheifele.
5:00 of 1st overtime period - Stopped by Connor Hellebuyck.
5:00 of 1st overtime period - St.Louis Blues, Tage Thompson.
5:00 of 1st overtime period - Wrist shot by Tage Thompson.
5:00 of 1st overtime period - Goal by Tage Thompson.
5:00 of 1st overtime period - Round #3.
5:00 of 1st overtime period - Anaheim Ducks, Calle Jarnkrok.
5:00 of 1st overtime period - Wrist shot by Calle Jarnkrok.
5:00 of 1st overtime period - Stopped by Connor Hellebuyck.
Back to the Top